 Dungeon Crawl Stone Soup version 0.31-a0-1321-g5021b54cb2 (console) character file.

Game seed: 3769650916263465658

25 petzl the Sneak (level 3, 0/29 HPs)
             Began as a Formicid Delver on Dec 20, 2023.
             Was an Initiate of Vehumet.
             Slain by a water moccasin zombie (3 damage)
             ... in an ossuary.
             The game lasted 00:02:05 (224 turns).

petzl the Sneak (Formicid Delver)                    Turns: 224, Time: 00:02:06

Health: 0/29       AC:  3    Str: 16    XL:     3   Next: 17%
Magic:  2/6        EV: 12    Int: 11    God:    Vehumet [......]
Gold:   0          SH:  0    Dex: 15    Spells: 7/7 levels left

rFire   . . .        a - +0 mace
rCold   . . .        (no shield)
rNeg    . . .        b - +0 leather armour
rPois   .            (helmet unavailable)
rElec   .            (no cloak)
rCorr   .            (no gloves)
SInv    +            (no boots)
Will    .....        (no amulet)
Stlth   +++          (no ring)
HPRegen 0.24/turn    (no ring)
MPRegen 0.10/turn

%: no passive effects
@: no status effects
A: permanent stasis, dig shafts and tunnels, antennae 3, four strong arms
a: Dig, Renounce Religion


You were in an ossuary.
You worshipped Vehumet.
Vehumet was noncommittal.
You visited 2 branches of the dungeon, and saw 3 of its levels.
You also visited: Ossuary.

Inventory:

Hand Weapons
 a - a +0 mace (weapon)
Armour
 b - a +0 leather armour (worn)
Wands
 f - a wand of digging (3)
Scrolls
 c - a scroll of fog
 d - a scroll of revelation
 h - a scroll of immolation {unknown}
Potions
 e - a potion of attraction {unknown}


   Skills:
 - Level 3.2 Fighting
 - Level 2.0 Maces & Flails
 - Level 1.7 Dodging
 - Level 6.0 Stealth
 + Level 2.5 Spellcasting


You had 7 spell levels left.
You didn't know any spells.
Your spell library was empty.

Dungeon Overview and Level Annotations

Branches:
Dungeon (6/15)             Temple (1/1) D:6         Ossuary (1/1)

Altars:
Kikubaaqudgha
Makhleb
Okawaru
Qazlal
Uskayaw
Vehumet
Xom
The Shining One

Annotations:
D:5 exclusions: downstairs and 5 sensed monsters (detected)


Innate Abilities, Weirdness & Mutations

You cannot be hasted, slowed, berserked, paralysed or teleported.
You can dig through walls and to a lower floor.
You have a pair of large antennae on your head. (SInv)
Your four strong arms can wield two-handed weapons with a shield.


Message History

The mummy attacks as it pursues you! The mummy closely misses you.
There is a gate leading back out of this place here.
You hit the water moccasin zombie.
The water moccasin zombie is lightly damaged.
The water moccasin zombie closely misses you.
A mummy comes into view.
The mummy completely misses you.
The water moccasin zombie closely misses you.
You sock the mummy!
You destroy the mummy!
Vehumet accepts your kill. The water moccasin zombie bites you.
Your Spellcasting skill increases to level 2!
You have reached level 3!
Your experience leads to an increase in your attributes!
Increase (S)trength, (I)ntelligence, or (D)exterity?
You feel clever. x2
Unknown command.
Unknown command.
You sock the water moccasin zombie!
The water moccasin zombie is moderately damaged.
The water moccasin zombie misses you.
The water moccasin zombie bites you but does no damage.
You hit the water moccasin zombie but do no damage.
The water moccasin zombie is moderately damaged.
The water moccasin zombie completely misses you.
You hit the water moccasin zombie.
The water moccasin zombie is moderately damaged.
The water moccasin zombie bites you.
The water moccasin zombie bites you but does no damage.
The mummy hits you!
You barely miss the mummy. The water moccasin zombie bites you!
* * * LOW HITPOINT WARNING * * *
The mummy barely misses you.
As you read the scroll labelled NEXIFE CI SUO, it crumbles to dust.
Your stasis prevents you from teleporting.
It was a scroll of blinking.
The water moccasin zombie closely misses you.
The water moccasin zombie bites you.
You die...

'.# {{
#.{{ { {
+.#{ { {
#.# {
{+.+{ {
#.#####
{+.#.Z@#
#.'.M.#
#.'.#...#
###.#####
{+..{ #'#
#.#{ {
###


You could see a mummy and a water moccasin zombie.

Vanquished Creatures
  2 mummies (Ossuary)
2 creatures vanquished.

Notes
Turn   | Place    | Note
-------+----------+-------------------------------------------
     0 | D:5      | petzl the Formicid Delver began the quest for the Orb.
     0 | D:5      | Reached XP level 1. HP: 18/18 MP: 1/1
     1 | D:5      | Noticed a scorpion
     7 | D:6      | Noticed an orc wizard
    32 | D:6      | Found a staircase to the Ecumenical Temple.
    39 | D:6      | Noticed an orc wizard
    41 | Temple   | Entered the Ecumenical Temple
    49 | Temple   | Became a worshipper of Vehumet
    58 | D:6      | Noticed an ice beast
   184 | D:5      | Found a sand-covered staircase.
   189 | Ossuary  | Entered an ossuary
   211 | Ossuary  | Noticed a water moccasin zombie
   215 | Ossuary  | Reached skill level 1 in Spellcasting
   215 | Ossuary  | Reached XP level 2. HP: 24/24 MP: 1/4
   220 | Ossuary  | Reached XP level 3. HP: 24/29 MP: 1/6
   224 | Ossuary  | Slain by a water moccasin zombie

Illustrated notes

Levels and vault maps discovered:
D:5:      layout_loops_ring, lemuel_tele_altar, gammafunk_temple_overflow_wave,
          enter_ossuary_2
D:6:      layout_loops_corners, mainiacjoe_overflow_brackets,
          minmay_temple_entry_wispy, chequers_serial_rivers_small_b,
          nicolae_grassy_gnolls
Temple:   nicolae_temple_colour_theory
Ossuary:  ossuary_zaba_flooded

Skill      XL: |  1  2 |
---------------+-------+-----
Spellcasting   | 1 2 |  2.5
Fighting       | |  3.2
Maces & Flails | |  2.0
Dodging        | |  1.7
Stealth        | |  6.0

Action                     || total
---------------------------++-------
  Melee: Mace              ||    15
         Punch             ||     1
    Use: Scroll            ||     2
 Armour: Leather armour    ||     9
  Dodge: Dodged            ||    19

Table legend: (Time is in decaauts)
 A = Elapsed time spent in this place.
 B = Non-inter-level travel time spent in this place.
 C = Inter-level travel time spent in this place.
 D = Time resting spent in this place.
 E = Time spent auto-exploring this place.
 F = Levels seen in this place.
 G = Mean time per level.
                   A        B        C        D        E       F      G
               +--------+--------+--------+--------+--------+-----+--------+
         Total |    229 |    222 |      7 |     39 |     70 |   4 |   57.2 |
       Dungeon |    173 |    173 |      0 |     39 |     70 |   2 |   86.5 |
        Temple |     16 |      9 |      7 |      0 |      0 |   1 |   16.0 |
       Ossuary |     39 |     39 |      0 |      0 |      0 |   1 |   39.0 |
               +--------+--------+--------+--------+--------+-----+--------+

Top non-repeatable levels by time:
     D:5: 152 daAuts
 Ossuary: 39 daAuts
     D:6: 21 daAuts
  Temple: 16 daAuts
